Map: Nightscape LE

Players

Massa

  • Race: Terran Terran
  • League: Platinum
  • Spawn Location: 7:00

qqq

  • Race: Zerg Zerg
  • Spawn Location: 7:00

hellas - Winner!

  • Race: Protoss Protoss
  • League: Gold
  • Spawn Location: 1:00

yultan - Winner!

  • Race: Zerg Zerg
  • League: Diamond
  • Spawn Location: 1:00

VOD

Have the link to the VOD?

Description

Time

  • Played on: Oct. 3, 2020, 3:57 p.m.
  • Length: 12:08
Show
View Real Time Build Order
Export as new Build Order

Massa Terran 

Build Orders:  

Get SALT Encoding   

  12  0:00  SCV  
  13  0:12  SCV  
  14  0:22  Supply Depot  
  14  0:24  SCV  
  15  0:36  Refinery  
  15  0:44  SCV, Barracks  
  16  0:56  SCV  
  17  1:08  SCV  
  18  1:20  SCV  
  19  1:32  SCV  
  20  1:42  Reaper  
  21  1:47  Command Center  
  21  1:49  Orbital Command  
  21  2:14  Marine  
  22  2:22  Factory  
  22  2:23  SCV  
  23  2:35  Supply Depot  
  23  2:56  SCV  
  24  3:00  Orbital Command, Bunker  
  24  3:04  Barracks Tech Lab  
  24  3:08  SCV, Hellion  
  27  3:20  SCV  
  27  3:23  Marine  
  29  3:30  Hellion  
  29  3:32  SCV  
  29  3:34  Stimpack  
  32  3:41  Marine  
  32  3:42  SCV  
  32  3:44  Starport  
  32  3:45  SCV  
  35  3:54  SCV  
  35  3:55  Engineering Bay  
  36  4:02  Command Center  
  36  4:04  Refinery  
  36  4:05  SCV  
  36  4:06  SCV  
  36  4:08  Marauder  
  36  4:09  Factory Tech Lab  
  40  4:17  SCV  
  41  4:19  SCV  
  42  4:29  SCV  
  42  4:31  SCV  
  44  4:37  Marauder  
  46  4:42  Refinery  
  46  4:44  Refinery  
  44  5:13  Combat Shield  
  42  5:16  Siege Tank  
  42  5:18  SCV x2  
  47  5:22  Orbital Command  
  47  5:27  Missile Turret  
  47  5:30  SCV x2, Missile Turret  
  49  5:42  SCV x2  
  50  5:45  Ghost Academy  
  50  5:47  Missile Turret  
  50  5:48  SCV  
  52  5:50  Missile Turret  
  52  5:54  SCV  
  52  5:55  SCV  
  54  6:00  SCV  
  55  6:06  SCV, Marauder, Siege Tank  
  55  6:09  Missile Turret  
  61  6:13  Barracks  
  61  6:15  Barracks  
  61  6:18  Barracks  
  61  6:31  Enhanced Shockwaves  
  61  6:46  Supply Depot x2  
  61  6:47  Supply Depot  
  61  6:49  Supply Depot  
  61  6:59  Supply Depot  
  61  7:04  Barracks  
  61  7:08  Barracks Reactor, Barracks Tech Lab x2, Marauder, Siege Tank  
  66  7:27  Ghost  
  66  7:29  Ghost, Marine  
  71  7:40  Widow Mine  
  71  7:41  SCV x2  
  75  7:46  Marine  
  76  7:52  Missile Turret  
  76  7:53  SCV x2  
  76  7:56  Marine, Missile Turret  
  76  7:57  Marine  
  76  7:58  Orbital Command  
  80  8:02  Widow Mine  
  80  8:03  Missile Turret  
  80  8:04  Marine  
  80  8:05  SCV x2  
  85  8:06  Missile Turret  
  85  8:13  Missile Turret  
  85  8:14  Marine  
  85  8:15  Marine  
  85  8:17  SCV  
  88  8:22  Marine  
  88  8:26  Marine x2, Missile Turret  
  91  8:31  Siege Tank  
  91  8:32  Marine  
  91  8:33  Marine  
  96  8:40  Marine  
  97  8:43  Marine  
  97  8:44  Marine  
  99  8:49  Marine  
  99  8:51  Marine  
  101  9:01  Missile Turret x2  
  101  9:02  Missile Turret x2  
  101  9:10  Supply Depot  
  101  9:11  Supply Depot  
  101  9:22  Missile Turret  
  101  9:23  Missile Turret  
  101  9:25  Missile Turret  
  101  9:32  Widow Mine, SCV x3, Marine x5, Personal Cloaking  
  101  9:35  Ghost Academy, Supply Depot  
  101  9:36  Supply Depot  
  111  9:39  Terran Infantry Weapons Level 1  
  111  9:41  Engineering Bay  
  111  9:43  Armory  
  111  9:44  SCV x3  
  114  9:45  Armory  
  114  9:54  Widow Mine  
  114  9:59  Supply Depot  
  116  10:04  Command Center  
  116  10:08  Ghost x2  
  116  10:10  Marauder, Marine x2  
  124  10:15  Siege Tank  
  124  10:17  Factory  
  127  10:22  Starport Reactor  
  127  10:28  Marine x2  
  128  10:31  Marauder  
  128  10:32  Missile Turret  
  128  10:33  Missile Turret  
  131  10:37  Marine x2  
  131  10:40  SCV x3  
  136  10:47  Siege Tank  
  139  10:52  SCV x2  
  139  10:55  Missile Turret x2  
  141  11:03  SCV  
  141  11:15  SCV, Supply Depot x2  
  141  11:16  Supply Depot  
  141  11:17  Supply Depot  
  141  11:18  Missile Turret x2, Supply Depot x2  
  140  11:19  Nuke, Supply Depot x3  
  140  11:21  Nuke  
  140  11:31  Marauder x2, Marine x2  
  140  11:32  Marauder  
  148  11:39  Supply Depot  
  133  11:40  Supply Depot  
  133  11:41  Supply Depot x2  
  133  11:42  Supply Depot x3  
  133  11:43  Supply Depot  
  133  11:45  Supply Depot  
  124  11:49  Marine x2  
  94  12:03  Supply Depot  
  94  12:07  Supply Depot  
  94  12:08  Supply Depot  
Show
View Real Time Build Order
Export as new Build Order

qqq Zerg 

Build Orders: Hatch First 

Get SALT Encoding   

  12  0:04  Drone  
  13  0:08  Drone  
  14  0:36  Hatchery  
  14  0:38  Drone  
  14  0:56  Spawning Pool  
  13  1:03  Overlord  
  13  1:08  Drone  
  14  1:15  Extractor  
  14  1:16  Drone  
  14  1:26  Drone x2  
  16  1:39  Drone  
  17  1:50  Drone  
  17  1:52  Drone  
  17  1:53  Queen  
  21  2:07  Drone  
  22  2:09  Drone  
  23  2:16  Spine Crawler  
  23  2:18  Drone  
  23  2:25  Drone x2  
  23  2:26  Queen  
  23  2:27  Overlord  
  27  2:35  Drone  
  28  2:43  Overlord  
  28  2:57  Zergling x2, Overlord  
  29  2:58  Drone  
  29  2:59  Zergling x2  
  31  3:06  Metabolic Boost  
  31  3:08  Zergling x6  
  31  3:09  Zergling x2  
  35  3:17  Zergling x2  
  36  3:26  Zergling x2  
  37  3:27  Drone  
  37  3:28  Drone  
  39  3:37  Drone  
  39  3:38  Roach Warren  
  39  3:39  Zergling x8  
  43  3:47  Drone  
  44  3:53  Lair  
  44  3:54  Drone x3  
  44  3:55  Overlord  
  47  4:07  Zergling x2  
  47  4:08  Drone  
  49  4:19  Roach  
  49  4:21  Drone  
  51  4:50  Zergling x6  
  51  5:01  Zergling x6  
  51  5:02  Zergling x6  
  53  5:18  Roach x2  
  55  5:22  Glial Reconstitution  
  55  5:26  Roach  
  55  5:27  Roach  
  56  5:42  Drone x4  
  58  5:45  Hatchery, Roach  
  58  5:48  Overlord x2  
  59  5:54  Hatchery  
  56  6:07  Hatchery  
  56  6:11  Roach x5  
  61  6:12  Drone x3  
  68  6:24  Drone x3  
  71  6:31  Hatchery  
  70  6:35  Extractor  
  70  6:38  Drone  
  70  6:39  Roach x2  
  74  6:41  Overlord x2  
  74  6:42  Drone  
  75  6:57  Overlord x2  
  75  6:58  Overlord x3  
  49  7:56  Spore Crawler  
  49  7:58  Spore Crawler  
  41  8:00  Hydralisk Den  
  41  8:01  Spore Crawler x2  
  41  8:02  Spore Crawler x2  
  41  8:04  Drone  
  41  8:05  Drone x7  
  43  8:06  Drone x4  
  43  8:11  Overlord x3  
  48  8:13  Roach x2  
  48  8:14  Roach x2  
  48  8:19  Spore Crawler  
  52  8:20  Spore Crawler x2  
  52  8:23  Spore Crawler x2  
  52  8:24  Drone x2  
  52  8:25  Drone, Spore Crawler  
  50  8:30  Grooved Spines  
  50  8:33  Drone  
  51  8:38  Hydralisk  
  51  8:39  Evolution Chamber  
  52  8:46  Extractor x2, Drone x2  
  52  8:47  Drone  
  53  8:49  Drone  
  53  8:51  Drone  
  53  8:53  Drone  
  55  9:04  Spore Crawler  
  54  9:12  Spine Crawler  
  54  9:13  Hydralisk  
  54  9:14  Hydralisk x2  
  59  9:18  Drone x2  
  59  9:19  Drone  
  62  9:25  Drone x2  
  62  9:26  Drone x2  
  62  9:30  Spore Crawler  
  65  9:35  Roach  
  65  9:36  Drone x2  
  68  9:43  Baneling Nest  
  68  9:44  Drone, Spore Crawler  
  67  9:47  Zerg Missile Weapons Level 1  
  67  9:50  Hydralisk  
  67  9:52  Drone  
  70  9:53  Drone  
  71  10:01  Drone x2  
  71  10:03  Roach  
  71  10:04  Hydralisk, Roach  
  79  10:07  Drone  
  79  10:08  Drone  
  79  10:12  Drone x2  
  79  10:13  Drone  
  84  10:15  Drone  
  85  10:31  Infestation Pit  
  85  10:32  Drone x2  
  85  10:33  Drone  
  85  10:34  Nydus Network  
  86  10:37  Hydralisk  
  86  10:38  Hydralisk x2  
  86  10:40  Drone x2  
  86  10:41  Drone  
  86  10:42  Drone  
  96  10:44  Drone  
  96  10:48  Spore Crawler  
  86  11:02  Drone x2  
  88  11:10  Hydralisk x5  
  98  11:11  Lurker Den  
  98  11:12  Drone x2  
  99  11:23  Ravager  
  99  11:25  Drone x5  
  104  11:32  Spore Crawler  
Show
View Real Time Build Order
Export as new Build Order

hellas Protoss - Winner!

Build Orders: Chargelot Immortal 

Get SALT Encoding   

  12  0:00  Probe  
  13  0:12  Probe  
  14  0:17  Pylon  
  14  0:24  Probe  
  15  0:37  Probe  
  15  0:41  Gateway  
  16  0:46  Assimilator  
  16  0:49  Probe  
  17  0:53  Assimilator  
  17  1:01  Probe  
  18  1:14  Probe  
  19  1:29  Cybernetics Core  
  19  1:36  Pylon  
  19  1:38  Probe  
  20  1:50  Probe  
  21  2:02  Probe  
  21  2:04  Warp Gate (Chrono Boost)  
  22  2:11  Stalker  
  22  2:14  Probe  
  25  2:41  Nexus, Stalker  
  27  2:50  Probe  
  28  3:03  Twilight Council  
  28  3:05  Robotics Facility  
  28  3:15  Probe  
  28  3:16  Gateway, Pylon  
  29  3:30  Probe  
  30  3:42  Probe  
  30  3:47  Forge  
  31  3:53  Pylon  
  31  3:54  Probe  
  32  4:05  Charge (Chrono Boost)  
  32  4:06  Templar Archives  
  32  4:07  Probe x2  
  34  4:11  Zealot  
  34  4:14  Zealot  
  38  4:21  Probe x2  
  40  4:27  Assimilator  
  40  4:29  Protoss Ground Weapons Level 1 (Chrono Boost)  
  40  4:31  Assimilator  
  40  4:32  Observer  
  40  4:33  Probe  
  42  4:39  Zealot  
  42  4:43  Stalker  
  40  5:03  Zealot  
  38  5:07  Zealot  
  40  5:16  Psionic Storm  
  38  5:21  Probe  
  38  5:22  Probe  
  40  5:28  High Templar  
  40  5:29  High Templar  
  40  5:34  Probe  
  45  5:40  Pylon  
  45  5:42  Probe  
  46  5:44  Immortal (Chrono Boost)  
  46  5:46  Probe  
  51  5:54  Gateway  
  51  5:55  Probe  
  51  5:56  Gateway  
  52  6:02  Stalker  
  54  6:05  Zealot  
  54  6:09  Probe x2  
  58  6:21  Probe x2  
  60  6:27  High Templar x2  
  60  6:29  Warp Prism (Chrono Boost)  
  66  6:44  Probe x2  
  68  6:58  Observer  
  69  7:02  Nexus  
  69  7:31  Gateway  
  69  7:33  Pylon  
  69  7:36  Gateway  
  59  7:54  Zealot  
  59  7:55  Zealot x3  
  67  8:04  Shield Battery  
  67  8:06  Photon Cannon  
  67  8:08  Pylon  
  67  8:09  Probe x2, Protoss Ground Weapons Level 2 (Chrono Boost)  
  67  8:12  Blink (Chrono Boost)  
  69  8:15  Immortal (Chrono Boost)  
  73  8:21  Probe  
  74  8:34  Gateway  
  74  8:37  Probe, Gateway  
  74  8:38  Probe x2  
  77  8:47  Immortal  
  81  8:55  Probe x2, Assimilator  
  82  8:56  Probe  
  82  8:58  Assimilator  
  82  8:59  High Templar x4, Pylon  
  82  9:00  High Templar  
  82  9:01  Zealot  
  96  9:19  Pylon  
  96  9:21  Pylon  
  96  9:23  Photon Cannon  
  96  9:26  Immortal  
  100  9:34  Zealot  
  100  9:35  Zealot x3  
  108  9:42  Photon Cannon  
  108  9:44  Pylon  
  108  9:45  Pylon  
  108  9:47  Shield Battery  
  108  9:53  Gateway  
  108  9:54  Probe x2  
  108  9:55  Probe  
  108  9:57  Gateway  
  111  10:05  High Templar  
  111  10:06  High Templar x3  
  119  10:08  Zealot  
  119  10:09  Zealot, Immortal (Chrono Boost)  
  127  10:30  Stargate  
  127  10:31  Stargate  
  127  10:34  Stargate  
  127  10:41  Immortal  
  131  11:00  Nexus  
  131  11:01  Pylon  
  131  11:05  Pylon  
  129  11:25  Observer  
Show
View Real Time Build Order
Export as new Build Order

yultan Zerg - Winner!

Build Orders: Hatch First, Lurkers, Muta Ling Bane 

Get SALT Encoding   

  12  0:00  Drone  
  13  0:08  Drone  
  14  0:16  Overlord  
  14  0:21  Extractor  
  14  0:22  Drone  
  15  0:34  Drone x2  
  17  0:43  Drone  
  18  0:56  Hatchery  
  17  1:00  Extractor  
  16  1:12  Spawning Pool  
  15  1:20  Drone  
  15  1:21  Drone  
  15  1:23  Drone  
  18  1:31  Drone  
  19  1:42  Overlord  
  19  1:51  Extractor  
  18  1:54  Drone  
  18  1:59  Queen  
  22  2:17  Drone x3  
  22  2:18  Queen  
  22  2:20  Zergling x2  
  27  2:26  Zergling x2  
  27  2:29  Metabolic Boost  
  28  2:33  Zergling x2  
  29  2:46  Drone  
  29  2:47  Drone x2  
  32  2:54  Baneling Nest  
  31  3:02  Overlord  
  31  3:11  Drone, Overlord  
  31  3:12  Drone, Queen  
  35  3:25  Drone  
  35  3:26  Drone x5  
  41  3:39  Hatchery  
  40  3:45  Baneling  
  40  3:48  Lair  
  40  3:50  Drone  
  40  3:51  Drone  
  42  4:02  Zergling x4  
  44  4:03  Zergling x4, Overlord  
  44  4:05  Drone  
  47  4:11  Extractor  
  47  4:15  Queen  
  49  4:17  Drone x2  
  49  4:18  Overlord  
  49  4:27  Drone x2  
  49  4:28  Drone  
  49  4:29  Drone  
  49  4:30  Drone x2  
  55  4:33  Extractor  
  55  4:34  Extractor  
  53  4:38  Drone  
  52  4:47  Baneling  
  52  4:59  Zergling x16  
  59  5:02  Baneling x2  
  57  5:18  Drone x3  
  57  5:19  Drone x3  
  63  5:22  Baneling x3  
  63  5:25  Drone x5  
  68  5:31  Spire  
  65  5:41  Queen  
  65  5:42  Drone x4  
  71  5:52  Extractor  
  71  5:53  Extractor  
  68  6:04  Centrifical Hooks  
  68  6:10  Spore Crawler  
  67  6:11  Drone x2  
  67  6:12  Drone x3  
  67  6:13  Drone  
  67  6:14  Overlord  
  73  6:29  Spine Crawler, Queen  
  73  6:30  Overlord x3  
  74  6:35  Hatchery  
  74  6:38  Drone x2  
  74  6:39  Drone x7  
  82  6:43  Overseer  
  82  6:44  Zerg Flyer Weapons Level 1  
  82  6:49  Spore Crawler  
  81  7:01  Baneling x2  
  81  7:10  Overlord x2  
  81  7:11  Mutalisk x6  
  81  7:12  Mutalisk x4  
  98  7:27  Overlord x3  
  95  7:35  Zergling x2  
  95  7:36  Zergling x24  
  106  7:56  Zergling x16  
  114  8:04  Hydralisk Den  
  113  8:07  Overlord x2  
  113  8:14  Zergling x20  
  123  8:25  Overseer  
  123  8:29  Pneumatized Carapace  
  123  8:34  Overlord x2  
  123  8:37  Lurker Den, Muscular Augments  
  122  8:43  Zergling x24  
  132  8:59  Hatchery  
  123  9:15  Hydralisk x13, Overlord  
  123  9:16  Hydralisk x2  
  149  9:43  Infestation Pit  
  148  9:47  Queen  
  148  9:48  Overlord x2  
  148  9:49  Grooved Spines, Evolution Chamber  
  148  9:50  Evolution Chamber  
  148  9:52  Lurker  
  149  9:53  Lurker x11  
  149  9:55  Baneling  
  149  9:56  Baneling  
  149  9:57  Baneling  
  149  9:59  Overseer  
  160  10:06  Baneling  
  160  10:07  Baneling  
  160  10:08  Baneling x3  
  160  10:16  Drone  
  160  10:17  Drone x12  
  173  10:24  Queen  
  173  10:25  Drone x2  
  177  10:32  Extractor  
  177  10:34  Baneling  
  177  10:35  Baneling x13  
  176  10:37  Extractor  
  176  10:41  Hive  
  156  11:13  Zergling x2  
  156  11:14  Zergling x48  
  156  11:15  Zergling x8  
  156  11:18  Hydralisk x2, Overlord  
  189  11:25  Spore Crawler  
Tags
 
Add a new tag
Caveats
  • Supply blocks, unpowered buildings, or Contaminate may cause inaccurate times.
  • Supply counts are checked every 10 seconds.